Unix NetHack Version 5.0.0-0 post-release - last build May  4 2026 22:22:43 (774f63e81ad911689b3a0859ea89b322d5daca8d,branch:main).

Game began 2026-05-07 13:10:12, ended 2026-05-07 15:53:39.

01245990302, chaotic female orcish Barbarian

                         -------------
                         |...........|
                -----    |...........|                           -----
               #....|    |...........|                           (...|
              ##|...-#   |...........+       -----             #..\..|
             #`*|...|#   |.h.........|      --...--            #  ...|
   ------  ###  ....|#  #-...........|     --.....-- ###########    .|
   |....| ##    ----.#*##-------------     |........##               |
   |....|# #         #  #                  |.......|
   |.....###         #  ##                #........|
   |....|            #  ##*               #--....<--
   |....|            #   # *       ######## --...--
   ------          ###   ## *    ###         -----
                      #    #######
                          ##                           -)--
                                                       |..|
                         .                             |@.|
                        -                              ----

01245990302 the Pillager   St:17 Dx:17 Co:17 In:8 Wi:7 Ch:6  Chaotic
Dlvl:6  $:0  HP:0(50) Pw:9(9) AC:8  Xp:5 T:5103  Blind

Latest messages:
 You are blinded by a blast of light!
 The door opens.
 You find a hidden passage.
 You materialize in a different location!
 You try to feel what is lying here on the floor.
 You feel here 1013 gold pieces.
 You try to feel what is lying here on the floor.
 You feel here 593 gold pieces.
 You try to feel what is lying here on the floor.
 You feel here 1013 gold pieces.
 You try to feel what is lying here on the floor.
 You feel here 593 gold pieces.
 $ - 593 gold pieces (707 in total).
 You try to feel what is lying here on the floor.
 You feel here 1013 gold pieces.
 $ - 1013 gold pieces (1720 in total).
 You try to feel what is lying here on the floor.
 You feel here 947 gold pieces.
 You try to feel what is lying here on the floor.
 You feel here 947 gold pieces.
 $ - 947 gold pieces (2667 in total).
 You try to feel what is lying here on the floor.
 You feel here 861 gold pieces.
 You try to feel what is lying here on the floor.
 You feel here 861 gold pieces.
 $ - 861 gold pieces (3528 in total).
 Someone else has entered the Vault.
 "Hello stranger, who are you?" -  hello
 "I don't know you."
 "Most likely all your gold was stolen from this vault."
 "Please drop that gold and follow me."
 What do you want to throw? [$bh or ?*] ?
 In what direction? 8
 The axe misses.
 It gets angry!
 What do you want to throw? [$h or ?*] h
 In what direction? 8
 The dagger hits it.
 Wait!  There's something there you can't see!
 You smite it.
 It hits!
 You miss it.
 It hits!
 You die...
 Your 3528 zorkmids goes into the Magic Memory Vault.
 Do you want your possessions identified? [ynq] (y) y
 Do you want to see your attributes? [ynq] (y) y
 Do you want an account of creatures vanquished? [ynaq] (y) y
 Do you want to see your conduct and achievements? [ynq] (y) y
 Do you want to see the dungeon overview? [ynq] (y) y

Inventory:
 Weapons  (')')
  a - a +0 two-handed sword (weapon in hands)
 Armor    ('[')
  c - an uncursed +0 orcish ring mail (being worn)
 Comestibles  ('%')
  f - 2 uncursed slime molds
  d - 2 uncursed food rations
 Potions  ('!')
  w - an uncursed potion of healing
  s - an uncursed potion of water
 Rings    ('=')
  k - an uncursed ring of invisibility
 Tools    ('(')
  v - an uncursed lock pick
  e - an uncursed oil lamp
 Gems/Stones  ('*')
  i - an uncursed worthless piece of blue glass
  o - an uncursed worthless piece of green glass
  p - an uncursed worthless piece of yellowish brown glass

01245990302 the Barbarian's attributes:

Background:
 You were a Pillager, a level 5 female orcish Barbarian.
 You were chaotic, nominally on a mission for Set
 who was opposed by Mitra (lawful) and Crom (neutral).
 You were right-handed.
 You were in the Dungeons of Doom, on level 6.
 You entered the dungeon 5103 turns ago.
 You had 310 experience points, 10 more were needed to attain level 6.

Basics:
 You had 0 out of 50 hit points.
 You had all 9 energy points (spell power).
 Your armor class was 8.
 Your wallet was empty.
 Autopickup was off.

Final Characteristics:
 Your strength was 17 (peak:18, limit:18/50).
 Your dexterity was 17 (peak:18, limit:18).
 Your constitution was 17 (limit:18).
 Your intelligence was 8 (limit:16).
 Your wisdom was 7 (limit:16).
 Your charisma was 6 (limit:16).

Final Status:
 You were temporarily blind.
 You weren't hungry.
 You were unencumbered.
 You were wielding a two-handed sword.
 You had basic skill with two-handed sword and could have enhanced that.

Final Attributes:
 You were piously aligned.
 You were poison resistant.
 You had infravision.
 You were warded.
 You are dead.

Miscellaneous:
 You encountered 1 bones level.
 Total elapsed playing time was 1 hour, 2 minutes and 50 seconds.

Major events:
 Turn
    1: 01245990302 the chaotic female orcish Barbarian entered the dungeon
 1526: attained the rank of Pillager (level 3)
 4028: entered the Gnomish Mines
 5103: killed by a guard

You didn't know any spells.

Skills:
 Fighting Skills
   bare handed combat [Basic]
   two weapon combat  [Unskilled]
   riding             [Unskilled]
 Weapon Skills
   dagger             [Unskilled]
   axe                [Basic]
   pick-axe           [Unskilled]
   short sword        [Unskilled]
   broadsword         [Unskilled]
   long sword         [Unskilled]
   two-handed sword   [Basic]
   saber              [Unskilled]
   club               [Unskilled]
   mace               [Unskilled]
   morning star       [Unskilled]
   flail              [Unskilled]
   hammer             [Unskilled]
   quarterstaff       [Unskilled]
   spear              [Unskilled]
   trident            [Unskilled]
   bow                [Unskilled]
 Spellcasting Skills
   attack spells      [Unskilled]
   escape spells      [Unskilled]

Voluntary challenges:
 Character rerolling was not enabled.
 You were an atheist.
 You were illiterate.
 You never genocided any monsters.
 You never polymorphed an object.
 You never changed form.
 You used no wishes.
Achievements:
 You attained the rank of Pillager.
 You entered a shop.
 You entered the Gnomish Mines.

 The Dungeons of Doom: levels 1 to 6
    Level 1:
    Level 2:
    Level 3:
       A general store, some fountains.
    Level 4:
       Stairs down to The Gnomish Mines.
    Level 5:
    Level 6: <- You were here.
       A throne.
       Final resting place for
          you, killed by a guard.
 The Gnomish Mines:
    Level 5:
       A grave.
       Final resting place for
          ubiquity-Pri-Elf-Mal-Cha, killed by a wolf.


Vanquished creatures:
  2 wolves
  a rock mole
  a yellow light
  a ghoul
  a giant ant
  a kitten
  3 giant bats
  2 orc zombies
  3 iguanas
  3 acid blobs
  3 hobbits
  4 manes
  a large kobold
  a giant rat
  2 cave spiders
  a brown mold
  5 garter snakes
  5 geckos
 12 jackals
  2 foxes
  a kobold
  a goblin
  7 sewer rats
  9 grid bugs
  a bat
  8 lichens
 10 newts
91 creatures vanquished.

No species were genocided or became extinct.

Game over:
                       ----------
                      /          \
                     /    REST    \
                    /      IN      \
                   /     PEACE      \
                  /                  \
                  |   01245990302    |
                  |       0 Au       |
                  |   killed by a    |
                  |      guard       |
                  |                  |
                  |                  |
                  |       2026       |
                 *|     *  *  *      | *
        _________)/\\_//(\/(/\)/\//\/|_)_______

Goodbye 01245990302 the Barbarian...

You died in The Dungeons of Doom on dungeon level 6 with 1520 points,
and 0 pieces of gold, after 5103 moves.
You were level 5 with a maximum of 50 hit points when you died.

